Cogmind - Beta 13 @@@ ROGUE MODE // 2024.04.30 @ 19:32:25 Player: satan5 Result: Destroyed by OZ-XD4(R) with Subdweller Laser Performance ------------- Evolutions (0) 0 Regions Visited (2) 400 Robots Destroyed (19) 95 Value Destroyed (300) 300 Prototype IDs (2) 40 Alien Tech Used (0) 0 Bonus (0) 0 TOTAL SCORE: 835 Bonus ------- None Cogmind --------- Core Integrity 0/250 Matter 300/300 Energy 72/100 System Corruption 2% Temperature Cool (6) Movement Core (200) Ox3 Location -10/Subcaves Parts ------- > --- POWER (1) -------- (None) > --- PROPULSION (2) --- (None) > --- UTILITY (2) ------ Medium Storage Unit Improved Terrain Scanner > --- WEAPON (2) ------- Small Laser > --- INVENTORY (10) --- Light Ion Engine Heat Sink Large Storage Unit Subdweller Optics Mining Laser Flamer Peak State ------------ > --- POWER ------------ Ion Engine > --- PROPULSION ------- Aluminum Leg Aluminum Leg > --- UTILITY ---------- Medium Storage Unit Improved Terrain Scanner > --- WEAPON ----------- Mining Laser Flamer > --- INVENTORY -------- Light Ion Engine Aluminum Leg Heat Sink Large Storage Unit Small Laser Small Laser Small Laser Assault Rifle [Rating: 10] Favorites ----------- Power Ion Engine Engine Ion Engine Propulsion Aluminum Leg Leg Aluminum Leg Utility Medium Storage Unit Device Improved Terrain Scanner Storage Medium Storage Unit Weapon Small Laser Energy Gun Small Laser Ballistic Gun Light Assault Rifle Special Weapon Flamer Build | -11 -10 -10 ------- Run | Yrd Mat Sub Slots Evolved . | . . . Power . | . . . Propulsion . | . . . Utility . | . . . Weapon . | . . . Parts Attached 18 | 7 5 6 Power 2 | 1 1 . Engine 2 | 1 1 . Core . | . . . Reactor . | . . . Propulsion 3 | 2 . 1 Treads . | . . . Leg 3 | 2 . 1 Wheel . | . . . Hover . | . . . Flight . | . . . Utility 4 | 1 3 . Device 2 | . 2 . Storage 2 | 1 1 . Processor . | . . . Hackware . | . . . Protection . | . . . Artifact . | . . . Weapon 9 | 3 1 5 Energy Gun 5 | 2 . 3 Energy Cannon . | . . . Ballistic Gun 2 | 1 . 1 Ballistic Cannon . | . . . Launcher . | . . . Special Weapon 2 | . 1 1 Impact Weapon . | . . . Slashing Weapon . | . . . Piercing Weapon . | . . . Special Melee Weapon . | . . . Unidentified Prototypes . | . . . Parts Lost 8 | . 1 7 Power 2 | . 1 1 Propulsion 3 | . . 3 Utility . | . . . Weapon 3 | . . 3 Highest Loss Streak 3 | . 1 3 To Critical Strikes . | . . . Average Slot Usage (%) 92 | . 94 88 Engine 13 | . 13 11 Leg 26 | . 28 19 Device 9 | . 8 14 Storage 14 | . 14 14 Energy Gun 13 | . 13 14 Ballistic Gun 12 | . 14 7 Special Weapon 1 | . . 5 Naked Turns . | . . . Heaviest Build 19 | 10 18 19 Greatest Support 20 | 20 20 20 Greatest Overweight (x) 2 | 2 . 1 Average Overweight (x) . | . . . Largest Inventory Capacity 10 | 8 10 10 Average Capacity 9 | 7 9 10 Most Carried 9 | 6 8 9 Average Carried 6 | 2 6 6 Final Capacity 10 | 8 10 10 Final Carried 8 | 2 8 6 Class Distribution -------------------- 92% | Mutant 7% | Scavenger-Mutant Dominant Class ---------------- Mutant | -10/Materials Mutant | -10/Subcaves Resources | -11 -10 -10 ----------- Run | Yrd Mat Sub Matter Collected 465 | 245 143 77 Remotely . | . . . Salvage Created 504 | 29 369 106 Parts 44 | 4 30 10 Haulers Intercepted 1 | . 1 . Recyclers Shooed 1 | . 1 . Parts Field Recycled . | . . . Retrieved Matter . | . . . Parts Self-Destructed 15 | . . 15 Prevented . | . . . Kills | -11 -10 -10 ------- Run | Yrd Mat Sub Combat Hostiles Destroyed 12 | . 7 5 Guns 12 | . 7 5 Classes Destroyed 7 | 1 5 1 Worker 2 | . 2 . Tunneler 3 | 1 2 . Hauler 1 | . 1 . Operator 1 | . 1 . Swarmer 7 | . 3 4 Grunt 4 | . 4 . Subdweller 1 | . . 1 Best Kill Streak 4 | 1 3 4 Combat Bots Only 4 | . 3 4 Max Kills in Single Turn 2 | 1 1 2 Gunslinging 1 | . . 1 Exploded . | . . . Melee . | . . . Uniques/NPCs Destroyed . | . . . Combat | -11 -10 -10 -------- Run | Yrd Mat Sub Hostile Shots Fired 97 | . 41 56 Missed 25 | . 4 21 Damage Taken 953 | . 427 526 Core 251 | . 121 130 Absorbed by Shields . | . . . Core Remaining (%) 100 | 100 . . Volleys Fired 83 | 7 58 18 Largest 2 | 2 2 2 Hottest 140 | 60 100 140 Shots Fired 162 | 14 114 34 Gun 159 | 14 112 33 Cannon . | . . . Launcher . | . . . Special 3 | . 2 1 Kinetic 74 | 7 57 10 Thermal 88 | 7 57 24 Explosive . | . . . Electromagnetic . | . . . Robot Hit Streak 16 | 2 11 16 Robot Miss Streak 5 | 3 5 4 Penetration Max . | . . . Secondary Targets 1 | . . 1 Max Gunslinging Chain 1 | . . 1 Shots Hit Robots 100 | 7 66 27 Core Hits 32 | 1 24 7 Critical Kills . | . . . Critical Parts Destroyed 1 | . 1 . Critical Strikes 1 | . 1 . Destroy 1 | . 1 . Melee Attacks . | . . . Impact . | . . . Slashing . | . . . Piercing . | . . . Sneak Attacks . | . . . Combat Hostiles . | . . . Follow-up Attacks . | . . . Damage Inflicted 1027 | 63 662 302 Guns 1027 | 63 662 302 Cannons . | . . . Explosions . | . . . Melee . | . . . Ramming . | . . . Kinetic 416 | 23 306 87 Thermal 611 | 40 356 215 Explosive . | . . . Electromagnetic . | . . . Impact . | . . . Slashing . | . . . Piercing . | . . . Highest Corruption 2 | . 2 2 Average Corruption 2 | . 2 2 Corruption Purged . | . . . Corruption Blocked . | . . . Effects 20 | . 16 4 Message Errors 4 | . 4 . Matter Fused 3 | . 3 . Heat Flow Errors 1 | . . 1 Energy Discharges 1 | . 1 . Parts Rejected 1 | . 1 . Data Loss (minor) 6 | . 3 3 Data Loss (major) 1 | . 1 . Misfires 1 | . 1 . Alerts 1 | . 1 . Weapon Failures 1 | . 1 . Overload Shots . | . . . Overflow Damage . | . . . Projectiles . | . . . Explosions . | . . . Melee . | . . . Knockbacks . | . . . Impact . | . . . Kinetic . | . . . Secondary . | . . . Self-Inflicted Damage . | . . . Shots . | . . . Rammed . | . . . Targets Rammed . | . . . Kicked . | . . . Crushed . | . . . Highest Temperature 191 | 40 115 191 Average Temperature 41 | 23 40 99 Received Heat Transfer 321 | . 195 126 Siege Activations . | . . . Robots Corrupted . | . . . Combat Hostiles . | . . . Parts Fried . | . . . Impact Corruptions . | . . . Robots Melted . | . . . Combat Hostiles . | . . . Parts Melted 2 | . . 2 Heat Transferred 1375 | 100 800 475 Parts Sabotaged . | . . . Parts Stolen . | . . . Parts Stripped . | . . . Power Chain Reactions . | . . . Alert | -11 -10 -10 ------- Run | Yrd Mat Sub Peak Influence 162 | 5 162 . Initial 3 | . 3 . Average 45 | . 48 . Maximum Alert Level . | . . . Low Security (%) 100 | 100 100 . Level 1 . | . . . Level 2 . | . . . Level 3 . | . . . Level 4 . | . . . Level 5 . | . . . High Security . | . . . Max Security . | . . . Squads Dispatched 2 | . 2 . Investigation 1 | . 1 . Extermination . | . . . Reinforcement 1 | . 1 . Assault . | . . . Garrison . | . . . Intercept . | . . . Searches Triggered . | . . . Construction Impeded . | . . . Haulers Reinforced . | . . . Active Scanning Responses . | . . . Cargo Convoy Interrupts . | . . . Stealth | -11 -10 -10 --------- Run | Yrd Mat Sub Distress Signals 1 | . 1 . Communications Jammed . | . . . Distress Signals . | . . . Times Spotted 33 | . 19 14 Peak Tracking Total 6 | . 6 6 Tactical Retreats 1 | . . 1 Traps | -11 -10 -10 ------- Run | Yrd Mat Sub Traps Triggered 2 | . 2 . Indirectly . | . . . Trap Hack Attempts . | . . . Triggered . | . . . Disarmed . | . . . Reprogrammed . | . . . Reused . | . . . Traps Extracted . | . . . Installed . | . . . Triggered . | . . . Machines | -11 -10 -10 ---------- Run | Yrd Mat Sub Machines Disabled . | . . . Max in Single Turn . | . . . Machines Repaired . | . . . Machines Dismantled . | . . . Machines Sabotaged . | . . . Overloaded Fab Kills . | . . . Hacking | -11 -10 -10 --------- Run | Yrd Mat Sub Machines Accessed 3 | . 3 . Terminals 3 | . 3 . Fabricators . | . . . Repair Stations . | . . . Recycling Units . | . . . Scanalyzers . | . . . Garrison Access . | . . . Total Hacks 13 | . 13 . Successful 3 | . 3 . Failed 10 | . 10 . Catastrophic . | . . . Database Lockouts . | . . . Manual 10 | . 10 . Terminals 13 | . 13 . Fabricators . | . . . Repair Stations . | . . . Recycling Units . | . . . Scanalyzers . | . . . Garrison Access . | . . . Terminal Hacks 1 | . 1 . Prototype ID Bank 1 | . 1 . Fabricator Hacks . | . . . Repair Station Hacks . | . . . Recycling Unit Hacks . | . . . Scanalyzer . | . . . Garrison Access Hacks . | . . . Unauthorized Hacks 2 | . 2 . Terminals 2 | . 2 . Botnet 2 | . 2 . Fabricators . | . . . Repair Stations . | . . . Recycling Units . | . . . Scanalyzers . | . . . Garrison Access . | . . . Data Cores Recovered . | . . . Used . | . . . Hacking Detections 3 | . 3 . Full Trace Events . | . . . Feedback Events . | . . . Feedback Blocked . | . . . Robot Schematics Acquired . | . . . Robots Built . | . . . Authchips . | . . . Time . | . . . Total Robot Build Rating . | . . . Part Schematics Acquired . | . . . Parts Built . | . . . Authchips . | . . . Time . | . . . Total Part Build Rating . | . . . Parts Repaired . | . . . Time . | . . . Parts Recycled . | . . . Recycled Matter . | . . . Retrieved Matter . | . . . Retrieved Components . | . . . Parts Scanalyzed . | . . . Part Schematics Acquired . | . . . Parts Damaged . | . . . Bothacking | -11 -10 -10 ------------ Run | Yrd Mat Sub Used RIF Installer . | . . . Robots Hacked . | . . . Non-combat . | . . . Combat . | . . . Robot Hacks Applied . | . . . Relay Couplers Released . | . . . Fabnet Peak Effective % . | . . . Robots Rewired . | . . . Allies Hacked . | . . . Hacks Repelled . | . . . Allies | -11 -10 -10 -------- Run | Yrd Mat Sub Total Allies . | . . . Largest Group . | . . . Highest-Rated Group . | . . . Highest-Rated Ally . | . . . Total Orders . | . . . Ally Attacks . | . . . Total Damage . | . . . Kills . | . . . Allies Corrupted . | . . . Allies Melted . | . . . Intel | -11 -10 -10 ------- Run | Yrd Mat Sub Robot Analysis Total . | . . . Derelict Logs Recovered . | . . . Drone Launches . | . . . Drone Recoveries . | . . . Exploration | -11 -10 -10 ------------- Run | Yrd Mat Sub Turns Passed 1702 | 71 1277 354 Spaces Moved 665 | 39 434 192 Core 20 | 20 . . Treads . | . . . Legs 645 | 19 434 192 Wheels . | . . . Hover . | . . . Flight . | . . . Fastest Speed 50 | 50 120 120 Average Speed 125 | 94 120 142 Slowest Speed 190 | 150 120 190 Overloaded Moves . | . . . Propulsion Burnouts . | . . . Robots Hopped . | . . . Cave-ins Triggered . | . . . Exploration Rate (%) 24 | 3 54 17 Regions Visited 2 Branch Regions 1 Pre-discovered Areas 1 | . . 1 Known Exits Taken . | . . . Unknown Exits Taken 2 | 1 1 . Scrap Searched 1 | . . 1 Spaces Dug . | . . . Terrain Destroyed . | . . . Melee . | . . . Projectile . | . . . AOE . | . . . Terrain Rammed . | . . . Walls Destroyed . | . . . Machines Disabled . | . . . Actions | -11 -10 -10 --------- Run | Yrd Mat Sub Total 1380 | 60 1083 237 Wait 594 | . 576 18 Move 663 | 38 433 192 Hop . | . . . Pick Up 19 | 7 10 2 Fast Attach 2 | 2 . . Attach 13 | 5 4 4 Detach . | . . . Swap 3 | . 1 2 Drop 3 | 1 1 1 Fire 83 | 7 58 18 Melee . | . . . Ram . | . . . Kick . | . . . Crush . | . . . Escape Stasis . | . . . Rewire . | . . . Trap . | . . . Miscellaneous . | . . . Route ------- -11/Scrapyard -10/Materials (discovered 3 exits: [*Mat] / [*Min] / [*Sub]) -10/Subcaves (discovered 1 exit: [*Rec]) History --------- Turn | Location | Event 7 | -11/Scrapyard | Discovered new exit (range 15) 72 | -11/Scrapyard | Entered Materials 310 | -10/Materials | Build established: Mutant 328 | -10/Materials | Discovered new exit (range 15) 659 | -10/Materials | Discovered new exit (range 5) 1245 | -10/Materials | Discovered new exit (range 16) 1349 | -10/Materials | Entered Subcaves 1418 | -10/Subcaves | Learned location of Zion (-6) 1418 | -10/Subcaves | Met a Zionite searching for "candidates" 1504 | -10/Subcaves | A swath of the cavern ceiling suddenly collapsed 1514 | -10/Subcaves | Discovered new exit (range 13) 1517 | -10/Subcaves | Core integrity fell below 50% 1558 | -10/Subcaves | Lost 3 parts (2n1w) 1692 | -10/Subcaves | Ambushed by Subdweller buried in earth 1693 | -10/Subcaves | Core integrity fell below 20% 1703 | -10/Subcaves | Destroyed by OZ-XD4(R) with Subdweller Laser Last Messages --------------- 01541_ Lgt. Ion Engine fries itself beyond repair. 01541_ Subatomizers dissect the Lgt. Ion Engine. 01543_ Lgt. Ion Engine fries itself beyond repair. 01545_ Flight Unit fries itself beyond repair. 01549_ Lgt. Ion Engine fries itself beyond repair. 01644_ System corrupted: Heat flow error (+207). 01644_ Ion Engine destroyed. 01660_ Assault Rifle destroyed. 01665_ Sub. Beam Cannon melted. 01665_ NX-5A7(R) destroyed. 01668_ Acquired 20 matter. 01669_ Subatomizers dissect the Sub. Optics. 01672_ Acquired Sub. Optics. 01686_ System corrupted: Component data lost. 01693_ OZ-XD4(R): "ARGHSUB!" 01697_ Sml. Laser destroyed. 01699_ Aluminum Leg destroyed. Map ----- +----------------------------------------------------+ | ?????????????????????????????????????????????????? | | ?????????????????????????????????????????????????? | | ?????????????????????????????????????????????????? | | ?????????????????????????????????????????????????? | | ?????????????????????????????????????????????????? | | ?????????????????????????????????????????????????? | | ?????????????????????????????????????????????????? | | ?????????????????????????????????????????????????? | | ?????????????????????????????????????????????????? | | ?????????????????????????????????????????????????? | | ??????????????????????#??????????????????????????? | | ?????????????????????????????????????????????????? | | ??????????????????????????????#??????????????????? | | ?????????????????##??##??????????????????????????? | | ?????????????????# ### ??????????????????????????? | | ???????????????### ??##??? ??????????????????? | | ??????????????## ???????????????????#?????? | | ?????????????## ???????? ????????????????? | | ???????????????# ? ???????????????????????? | | ??????????? #?# ###?#????????????????????? | | ??????????? ## ;;####???????????????????? | | ???????????? ;;##??????????????????? | | ????????????? ;;#?? ? ?????????????? | | ?????????????? & ;#??????????????????? | | ??????????#???? ?# ;;RR;#####??????##???????? | | ???????????????? ??#;@ ;; # ##?#??????#??#?#? | | ????????????#???? #?#; ;;### ####??#????????? | | ??????????#??#????# ?#; ##?## #???????????? | | ??????????????????# ### ###### #???????????? | | ???????????#?#????# #???????????# | | ?????????????????### #???????????? | | ????????????????###### # # #??#??#????? | | ??????????????#?## ??# ##### # ####??????????? | | ???????#????????# ### ## #????????????? | | ????????????????# # ##?#??????#???? | | ????????#??#??#?# ##### #?????????????? | | ???????#???????### ##??# #?????????????? | | ????????????????### #??#### # #?????#???????? | | ?????????????###### ##???#?######?????????????? | | ???????????#?# ##???????#????????##???????? | | ?????????????## #?#???????????#????????????? | | ??????????????## ##????#######???#????#??????? | | ???????????????# ##?????# #####???????????? | | ???????????????## ###????### ## #???????#???? | | ??????????#????# ##???###### #???????????? | | ???????????????## ##??? """##### #?#?????????? | | ??#????????????# #?# "#?### #???????????? | | ???????????????## #### "#?## ###????????#??? | | ??????????#?#?## % # ""### ##?????????????? | | ??????????????## <# ##??????????????? | +----------------------------------------------------+ Best States ------------- Heat Dissipation 25 Energy Generation 10 Energy Capacity 250 Matter Stores 300 Matter Capacity 300 Sight Range 16 Terrain Scan Range 16 Terrain Scan Density 10 Evasion (%) 55 Item Schematics ----------------- None Robot Schematics ------------------ None Fabricated ------------ Nothing Alien Tech Used ----------------- None Achievements -------------- None Challenges ------------ None Game ------ Seed HardcellDispersionCharge Manual? 0 Play Time 00:09:53 Cumulative 161.3 hours Start 2024.04.30 @ 19:24:30 End 2024.04.30 @ 19:32:25 Sessions 1 Manual Loads 0 Difficulty Rogue Special Mode None Game No. 60 Rogue 46 Adventurer 14 Explorer 0 Win Type - Total 11 Types 9/0/0/1/0/0/0/0/1 Lore% 62 Gallery% 74 Achievement% 62 Wizard Run 0 Options --------- Layout 2 ASCII 0 Keyboard 0 Movement Mouse Keybinds 0 Fullscreen 1 Font 20/SmallcapsGlow Map View 50x44 Zoom Use 0% Tactical HUD 1 Map Filters NONE Filters NONE Steam 1 RUN: 1002ec17-c4a6-412b-935b-62cc592d3651